 Dungeon Crawl Stone Soup version 0.29.1-15-g9cfb28693d (webtiles) character file.

Game seed: 2284144539462560348

9 Heoruswealwe the Digger (level 2, 15/15 HPs)
             Began as a Deep Elf Earth Elementalist on Apr 11, 2023.
             Was a Follower of Jiyva.
             Got out of the dungeon alive.
             The game lasted 00:02:24 (232 turns).

Heoruswealwe the Digger (DEEE)                       Turns: 232, Time: 00:02:24

Health: 15/15      AC:  2    Str:  5    XL:     2   Next: 3%
Magic:  17/17      EV: 13    Int: 19    God:    Jiyva [*.....]
Gold:   47         SH:  0    Dex: 21    Spells: 5/8 levels left

rFire   . . .      SeeInvis .   (no weapon)
rCold   . . .      Faith    .   (no shield)
rNeg    . . .      Spirit   .   a - +0 robe
rPois   .          Reflect  .   (no helmet)
rElec   .          Harm     .   (no cloak)
rCorr   .          Rampage  .   (no gloves)
Will    .....                   (no boots)
Stlth   ++........              (no amulet)
HPRegen 0.85/turn               d - ring of magical power
MPRegen 0.40/turn               c - +6 ring of dexterity

@: no status effects
A: no striking features
a: Renounce Religion


You escaped.
You worshipped Jiyva.
Jiyva was aware of your devotion.
You visited 1 branch of the dungeon, and saw 1 of its levels.

You collected 47 gold pieces.

Inventory:

Armour
 a - a +0 robe (worn)
Jewellery
 c - a +6 ring of dexterity (right hand)
 d - a ring of magical power (left hand)
Scrolls
 e - a scroll of butterflies {unknown}
 f - 2 scrolls of identify {unknown}
Potions
 b - a potion of magic


   Skills:
 - Level 2.4 Dodging
 - Level 2.4 Stealth
 + Level 3.5 Spellcasting
 - Level 1.1 Transmutations
 + Level 3.6 Earth Magic


You had 5 spell levels left.
You knew the following spells:

 Your Spells              Type           Power      Damage    Failure   Level
a - Sandblast             Erth           34%        2d9       3%          1
z - Passwall              Tmut/Erth      10%        N/A       9%          2

Your spell library contained the following spells:

 Spells                   Type           Power      Damage    Failure   Level
 Stone Arrow              Conj/Erth      20%        3d8       21%         3
 Petrify                  Tmut/Erth      12%        N/A       47%         4


Dungeon Overview and Level Annotations

Branches:
Dungeon (1/15)

Altars:
Jiyva


Message History

You hit the withered plant. You hit the withered plant.
The withered plant begins to crumble.
The withered plant is lightly damaged.
You hit the withered plant but do no damage.
The withered plant is lightly damaged.
You hit the withered plant but do no damage.
The withered plant is lightly damaged.
You hit the withered plant but do no damage.
The withered plant is lightly damaged.
The withered plant crumbles away.
Found a runed orb.
You see here an orb of wrath.
You hit the withered plant. You hit the withered plant.
You hit the withered plant.
The withered plant begins to crumble.
The withered plant is lightly damaged.
You hit the withered plant.
The withered plant is lightly damaged.
You hit the withered plant but do no damage.
The withered plant is lightly damaged.
You hit the withered plant.
The withered plant is lightly damaged.
The withered plant crumbles away.
There is a faded altar of an unknown god here.
You cannot tell which god this altar belongs to.
Convert to them anyway?
Jiyva accepts your prayer! Jiyva welcomes you!
Jiyva begins accelerating your health and magic regeneration.
You hear a distant slurping noise.
You hear a distant slurping noise.
You hear a distant slurping noise. x2
You hear a distant slurping noise.
Things that are here:
a +0 short sword; 5 stones; a kobold corpse You hear a distant slurping noise.
You hear a distant slurping noise.
You hear a distant slurping noise.
There is a staircase leading out of the dungeon here.
Are you sure you want to leave the Dungeon?
This will make you lose the game!
You have escaped!

.....#...
###..#.###
.........#
.....###.#########
...#'#)..........#
.###)#...........#
####'#.#..#..#...#
.....').§........#
.#####.8........@#
.....'..≈.....)..#
..##†#.#..#..#...#
####.#...........#
# #'#...........#
#.###.#########
#.......# #.#
##....#.###.#
#....#..#..#


There were no monsters in sight!

Vanquished Creatures
  2 goblins (D:1)
  A hobgoblin (D:1)
  3 kobolds (D:1)
  A bat (D:1)
7 creatures vanquished.

Vanquished Creatures (others)
  A quokka (D:1)
  A rat (D:1)
  3 withered plants (D:1)
5 creatures vanquished.

Grand Total: 12 creatures vanquished

Notes
Turn   | Place    | Note
-------+----------+-------------------------------------------
     0 | D:1      | Heoruswealwe the Deep Elf Earth Elementalist began the
                  | quest for the Orb.
     0 | D:1      | Reached XP level 1. HP: 10/10 MP: 6/6
   162 | D:1      | Found a faded altar of an unknown god.
   166 | D:1      | Reached XP level 2. HP: 15/15 MP: 8/8
   169 | D:1      | Learned a level 2 spell: Passwall
   205 | D:1      | Prayed at the altar of an unknown god.
   205 | D:1      | Became a worshipper of Jiyva Jadaseq the Shapeless
   205 | D:1      | Reached * piety under Jiyva
   232 | D:$      | Got out of the dungeon alive.

Illustrated notes

Levels and vault maps discovered:
D:1:      shiori_arrival_oz, layout_rooms, ebering_ecumenical_altar_petrified,
          grunt_decor_fettered, kennysheep_small_spiral

Action                   || total
-------------------------++-------
Melee: Unarmed           ||    16
 Cast: Sandblast         ||    11
Armor: Robe              ||     1
